[Event "Titled Tuesday Blitz July 20 2021"]
[White "Omk124"]
[Black "Garcia, Gabriel Gonzaga"]
[BlackFideId "2138956"]
[WhiteElo "2562"]
[BlackElo "2240"]
[Result "1-0"]
[Round "11"]
[TimeControl "180+1"]
[Date "2021.07.21"]
[WhiteClock "0:01:34"]
[BlackClock "0:01:44"]

1. e4 c6 2. c4 d5 3. exd5 cxd5 4. cxd5 Qxd5 5. Nc3 Qa5 6. Nf3 Nc6 7. d4 Nf6 8. d5 Nb8 9. Bc4 g6 10. O-O Bg7 11. Re1 Nbd7 12. d6 e6 13. Nd4 O-O 14. Ncb5 a6 15. Nc7 Rb8 16. Ndxe6 fxe6 17. Nxe6 Kh8 18. Nxg7 Kxg7 19. Re7+ Kh8 20. Bh6 Rg8 21. Bxg8 Kxg8 22. Qb3+ Qd5 23. Re8+ Kf7 24. Rae1 Qxb3 25. R1e7# 1-0


[Site "https://www.chess.com"]

[Event "Titled Tuesday Blitz July 20 2021"]
[White "Ouellet, Maili-Jade"]
[Black "Aldokhin, Ivan"]
[WhiteFideId "2620472"]
[BlackFideId "24115720"]
[WhiteElo "1886"]
[BlackElo "2306"]
[Result "0-1"]
[Round "11"]
[TimeControl "180+1"]
[Date "2021.07.21"]
[WhiteClock "0:00:01"]
[BlackClock "0:00:29"]

1. d4 Nf6 2. c4 g6 3. Nc3 Bg7 4. e4 d6 5. f4 O-O 6. Nf3 c5 7. d5 Bg4 8. Be2 e6 9. O-O exd5 10. cxd5 Nbd7 11. Re1 Re8 12. h3 Bxf3 13. Bxf3 c4 14. Be3 a6 15. a4 Qa5 16. Bd4 Nc5 17. e5 Nd3 18. Re2 Nd7 19. Bg4 dxe5 20. Bxd7 exd4 21. Rxe8+ Rxe8 22. Bxe8 dxc3 23. bxc3 Qxc3 24. Ra2 Qd4+ 25. Kh2 Qxf4+ 26. g3 Qe4 27. d6 Qxe8 28. Qg4 Ne5 29. Qe4 Qe6 30. Rd2 Nc6 31. Qxe6 fxe6 32. d7 Bf6 33. Re2 Kf7 34. Rf2 Ke7 35. Kg2 b5 36. axb5 axb5 37. Kf3 Kxd7 38. Ke2 Ke7 39. Kd2 b4 40. Kc2 b3+ 41. Kc1 c3 42. Rf3 Nd4 43. Rf2 Bg5+ 44. Kb1 c2+ 0-1


[Site "https://www.chess.com"]

[Event "Titled Tuesday Blitz July 20 2021"]
[White "Ovchinnikov, Vsevolod"]
[Black "Wieczorek, Zbigniew"]
[WhiteFideId "24176842"]
[BlackFideId "1102001"]
[WhiteElo "2376"]
[BlackElo "2310"]
[Result "1/2-1/2"]
[Round "11"]
[TimeControl "180+1"]
[Date "2021.07.21"]
[WhiteClock "0:00:05"]
[BlackClock "0:00:21"]

1. d4 Nf6 2. c4 g6 3. Nc3 Bg7 4. e4 d6 5. Nf3 O-O 6. h3 c6 7. Bg5 a6 8. a4 a5 9. Be2 Qc7 10. Qd2 e5 11. d5 Nbd7 12. Qc2 Nc5 13. Nd2 h5 14. O-O Nh7 15. Be3 h4 16. f4 exf4 17. Bxf4 Re8 18. Kh1 Qe7 19. Rae1 Ng5 20. Bd1 Be5 21. Bxe5 Qxe5 22. Nf3 Nxf3 23. Rxf3 f5 24. Qf2 fxe4 25. Rfe3 Bf5 26. Qxh4 Kg7 27. Bc2 Rh8 28. Qg3 Qxg3 29. Rxg3 Nd3 30. Bxd3 exd3 31. Kg1 Rae8 32. Rd1 Rh4 33. b3 Rd4 34. Rd2 Re1+ 35. Kf2 Rc1 36. Nd1 Rc2 37. Ke1 Re4+ 38. Re3 Rxe3+ 39. Nxe3 Rc1+ 40. Kf2 Rc3 41. dxc6 bxc6 42. Nxf5+ gxf5 43. Ke3 Rxb3 44. Rxd3 Rb4 45. Rxd6 Rxc4 46. Kf3 c5 47. Rd5 Kf6 48. Rd6+ Ke5 49. Rc6 Kd5 50. Rf6 Ke5 51. Rc6 Rc3+ 52. Kf2 Kd4 53. Rf6 Rc2+ 54. Kf3 Rc3+ 55. Kf4 Rc1 56. Rxf5 Rf1+ 57. Kg5 Rxf5+ 58. Kxf5 c4 59. g4 c3 60. g5 c2 61. g6 c1=Q 62. g7 Qc2+ 63. Kf6 Qf2+ 64. Ke7 Qe3+ 65. Kf8 Qf4+ 66. Ke7 Qe5+ 67. Kf7 Qf5+ 68. Ke7 Qg5+ 69. Kf7 Qh5+ 70. Ke7 Qg6 71. Kf8 Qf6+ 72. Kg8 Ke5 73. h4 Ke6 74. h5 Qf7+ 75. Kh8 Qxh5+ 76. Kg8 Ke7 1/2-1/2


[Site "https://www.chess.com"]

[Event "Titled Tuesday Blitz July 20 2021"]
[White "Pacheco Lugo, Alejandro Jose"]
[Black "Nazaretyan, Tigran"]
[WhiteFideId "3903745"]
[BlackFideId "24162345"]
[WhiteElo "2125"]
[BlackElo "2214"]
[Result "0-1"]
[Round "11"]
[TimeControl "180+1"]
[Date "2021.07.21"]
[WhiteClock "0:00:02"]
[BlackClock "0:00:25"]

1. e4 c5 2. Nf3 Nc6 3. d4 cxd4 4. Nxd4 Nf6 5. Nc3 d6 6. Bg5 e6 7. Qd2 a6 8. Nxc6 bxc6 9. O-O-O e5 10. Bc4 Be6 11. Bb3 a5 12. f4 exf4 13. Bxf4 Bxb3 14. cxb3 Ng4 15. Bxd6 Bxd6 16. Qxd6 Qxd6 17. Rxd6 Rc8 18. h3 Ne5 19. Rhd1 Ke7 20. Kb1 h5 21. R1d2 h4 22. Nd1 Rhd8 23. Rxd8 Rxd8 24. Rxd8 Kxd8 25. Ne3 Nd3 26. Kc2 Nb4+ 27. Kb1 Nd3 28. a3 Nc5 29. Nf5 Nxb3 30. Kc2 Nc5 31. Nxg7 Nxe4 32. Nf5 Kd7 33. Nxh4 Ke6 34. Kd3 Kd5 35. Nf3 a4 36. h4 Nf2+ 37. Ke3 Nd1+ 38. Kf4 Nxb2 39. h5 Ke6 40. Kg5 Ke7 41. h6 Kf8 42. Kf6 Kg8 43. Ng5 Nc4 44. h7+ Kh8 45. Kxf7 Nd6+ 46. Ke6 Nb5 47. Kf6 Nd6 48. Ke5 Nc4+ 49. Ke6 Nxa3 50. Kd6 Nb5+ 0-1


[Site "https://www.chess.com"]

[Event "Titled Tuesday Blitz July 20 2021"]
[White "Pakleza, Zbigniew"]
[Black "Zubov, Alexander"]
[WhiteFideId "1119290"]
[BlackFideId "14109409"]
[WhiteElo "2526"]
[BlackElo "2740"]
[Result "0-1"]
[Round "11"]
[TimeControl "180+1"]
[Date "2021.07.20"]
[WhiteClock "0:00:27"]
[BlackClock "0:01:57"]

1. d4 Nf6 2. Nf3 g6 3. Bf4 d6 4. e3 c5 5. c3 Qb6 6. Qb3 Be6 7. Qxb6 axb6 8. a3 Bd7 9. Nbd2 Bc6 10. h3 Bg7 11. Be2 O-O 12. O-O Nbd7 13. Rfd1 b5 14. dxc5 dxc5 15. Ne5 c4 16. Nxc6 bxc6 17. Bf3 Rfc8 18. Ne4 Nd5 19. Bg3 h6 20. h4 Kf8 21. Rab1 Ke8 22. h5 g5 23. Bg4 Rd8 24. Kf1 Ra7 25. Ke2 e6 26. Nd6+ Ke7 27. e4 Nf4+ 28. Bxf4 gxf4 29. Rd2 Ne5 30. Rbd1 Rad7 0-1


[Site "https://www.chess.com"]

[Event "Titled Tuesday Blitz July 20 2021"]
[White "Pein, Jonathan"]
[Black "Trakru, Rohun"]
[WhiteFideId "417092"]
[BlackFideId "2097613"]
[WhiteElo "2167"]
[BlackElo "1746"]
[Result "1-0"]
[Round "11"]
[TimeControl "180+1"]
[Date "2021.07.21"]
[WhiteClock "0:00:56"]
[BlackClock "0:00:10"]

1. e4 c6 2. d4 d5 3. e5 c5 4. dxc5 e6 5. a3 Bxc5 6. Nf3 Nd7 7. b4 Be7 8. Bd3 a5 9. bxa5 Qxa5+ 10. Nbd2 f6 11. Bb2 Nh6 12. exf6 Bxf6 13. Bxf6 Nxf6 14. O-O O-O 15. c4 Nf7 16. Re1 Qc3 17. Re3 Qa5 18. Nb3 Qc7 19. Rc1 Qf4 20. Nc5 e5 21. cxd5 Bg4 22. Ne6 Bxe6 23. dxe6 Ng5 24. Nxe5 Nfe4 25. Nf3 Rad8 26. e7 Rxd3 27. exf8=Q+ Qxf8 1-0


[Site "https://www.chess.com"]

[Event "Titled Tuesday Blitz July 20 2021"]
[White "Perez Gormaz, Matias"]
[Black "Preotu, Razvan"]
[WhiteFideId "3406342"]
[BlackFideId "2613280"]
[WhiteElo "2414"]
[BlackElo "2407"]
[Result "1-0"]
[Round "11"]
[TimeControl "180+1"]
[Date "2021.07.20"]
[WhiteClock "0:00:41"]
[BlackClock "0:00:18"]

1. d4 Nf6 2. c4 g6 3. g3 Bg7 4. Bg2 Nc6 5. Nf3 O-O 6. O-O d5 7. cxd5 Nxd5 8. e3 a5 9. Qe2 a4 10. Rd1 Nb6 11. h3 Be6 12. Na3 Nb4 13. d5 Bd7 14. e4 Qc8 15. Bd2 Na6 16. Bg5 Re8 17. Kh2 h6 18. Be3 e6 19. Rac1 Qb8 20. d6 Bc6 21. Nb5 Nd7 22. dxc7 Nxc7 23. Nd6 Rf8 24. Nd4 Nf6 25. Rxc6 bxc6 26. Nxc6 1-0


[Site "https://www.chess.com"]

[Event "Titled Tuesday Blitz July 20 2021"]
[White "Perez Rodriguez, Luis Manuel"]
[Black "Melikhov, Evgeny V."]
[WhiteFideId "3503364"]
[BlackFideId "4122046"]
[WhiteElo "2429"]
[BlackElo "1965"]
[Result "1/2-1/2"]
[Round "11"]
[TimeControl "180+1"]
[Date "2021.07.21"]
[WhiteClock "0:00:34"]
[BlackClock "0:00:24"]

1. e4 e5 2. Nf3 Nc6 3. Bb5 a6 4. Ba4 Nf6 5. O-O Nxe4 6. d4 b5 7. Bb3 d5 8. dxe5 Be6 9. Qe2 Be7 10. Rd1 O-O 11. c4 bxc4 12. Bxc4 Bc5 13. Be3 Bxe3 14. Qxe3 Qb8 15. Bb3 Na5 16. Nbd2 Qa7 17. Nd4 Nxd2 18. Rxd2 c5 19. Ne2 Nxb3 20. axb3 Rab8 21. Ra3 Rb4 22. Nf4 d4 23. Qg3 Bf5 24. Nd5 Rb7 25. h4 Kh8 26. h5 h6 27. Qf4 Be6 28. Nf6 Rxb3 29. Rxb3 Bxb3 30. Qf5 gxf6 31. Qxf6+ Kh7 32. Qf5+ Kh8 33. Qf6+ Kh7 34. Qf5+ Kh8 35. Qf6+ 1/2-1/2


[Site "https://www.chess.com"]

[Event "Titled Tuesday Blitz July 20 2021"]
[White "Petriashvili, Nikoloz"]
[Black "Pichot, Alan"]
[WhiteFideId "13611216"]
[BlackFideId "110973"]
[WhiteElo "2430"]
[BlackElo "2622"]
[Result "1/2-1/2"]
[Round "11"]
[TimeControl "180+1"]
[Date "2021.07.20"]
[WhiteClock "0:00:07"]
[BlackClock "0:00:02"]

1. e4 c5 2. Nf3 e6 3. d4 cxd4 4. Nxd4 Nc6 5. Nc3 Qc7 6. Be2 a6 7. Be3 Nf6 8. O-O Be7 9. f4 d6 10. Qe1 O-O 11. Rd1 Nxd4 12. Bxd4 b5 13. a3 Bb7 14. Bf3 e5 15. Be3 exf4 16. Bxf4 Nd7 17. Bg4 Ne5 18. Bxe5 dxe5 19. Rd7 Qb6+ 20. Kh1 Bf6 21. Rxf6 gxf6 22. Bf5 Rfd8 23. Rxb7 Qxb7 24. Qh4 Kg7 25. Qxh7+ Kf8 26. Be6 Rac8 27. Bxc8 Qxc8 28. Nd5 Rxd5 29. exd5 Qg4 30. Qd3 Ke7 31. Kg1 Qf4 32. Qc3 e4 33. Qc5+ Ke8 34. d6 Qc1+ 35. Kf2 Qd2+ 36. Kg3 Kd7 37. Qc7+ Ke6 38. Qe7+ Kf5 39. h4 Qf4+ 40. Kh3 Qg4+ 41. Kh2 Qxh4+ 42. Kg1 Qe1+ 43. Kh2 Qh4+ 44. Kg1 Qe1+ 45. Kh2 Qh4+ 1/2-1/2


[Site "https://www.chess.com"]

[Event "Titled Tuesday Blitz July 20 2021"]
[White "Pinheiro, Iung Alicio de O."]
[Black "Sukandar, Irine Kharisma"]
[WhiteFideId "2104350"]
[BlackFideId "7101937"]
[WhiteElo "2598"]
[BlackElo "2313"]
[Result "1-0"]
[Round "11"]
[TimeControl "180+1"]
[Date "2021.07.21"]
[WhiteClock "0:00:18"]
[BlackClock "0:00:19"]

1. e4 e5 2. Bc4 Nc6 3. Nc3 Nf6 4. d3 Bc5 5. f4 d6 6. Nf3 O-O 7. f5 Na5 8. Bg5 c6 9. Qe2 b5 10. Bb3 b4 11. Na4 Bb6 12. Nxb6 axb6 13. O-O Bd7 14. Kh1 Qe7 15. Rae1 Nxb3 16. axb3 Ra2 17. Rb1 Rfa8 18. g4 c5 19. Qg2 Bc6 20. Bh4 d5 21. g5 Nh5 22. g6 f6 23. gxh7+ Kh8 24. Qg4 dxe4 25. dxe4 Nf4 26. Rbe1 Rxb2 27. Bg3 Rxc2 28. Bxf4 exf4 29. Nh4 Be8 30. Qxf4 Raa2 31. Ng6+ Bxg6 32. fxg6 Rxh2+ 33. Qxh2 Rxh2+ 34. Kxh2 Qe5+ 35. Kg2 Qg5+ 36. Kf3 Qxg6 37. Rh1 f5 38. exf5 Qxf5+ 39. Ke3 g5 40. Kd2 Qd7+ 41. Kc1 b5 42. Re5 c4 43. Rxg5 Qe6 44. Rg8+ Qxg8 45. hxg8=Q+ Kxg8 46. Rh5 Kf7 47. Rxb5 cxb3 48. Rxb4 Ke6 49. Rxb3 Kd5 50. Kc2 Kc4 51. Rd3 1-0


[Site "https://www.chess.com"]

[Event "Titled Tuesday Blitz July 20 2021"]
[White "Pourkashiyan, Atousa"]
[Black "Sarana, Alexey"]
[WhiteFideId "12502014"]
[BlackFideId "24133795"]
[WhiteElo "2285"]
[BlackElo "2646"]
[Result "0-1"]
[Round "11"]
[TimeControl "180+1"]
[Date "2021.07.21"]
[WhiteClock "0:00:23"]
[BlackClock "0:01:50"]

1. e4 e5 2. Nf3 Nc6 3. Bb5 a6 4. Ba4 Nf6 5. O-O Nxe4 6. d4 b5 7. Bb3 d5 8. dxe5 Be6 9. Nbd2 Nc5 10. c3 d4 11. Bc2 dxc3 12. bxc3 Be7 13. Ne4 Qd5 14. Nxc5 Bxc5 15. Bb3 Qxd1 16. Rxd1 Na5 17. Bxe6 fxe6 18. Nd4 Bxd4 19. cxd4 Nc4 20. d5 exd5 21. Rxd5 c6 22. Rd1 Rd8 23. Bg5 Rxd1+ 24. Rxd1 Kf7 25. Rd7+ Kg6 26. f4 h6 27. Bh4 Kf5 28. Rxg7 Re8 29. Rf7+ Ke4 30. Rf6 c5 31. Rxh6 a5 32. Rc6 Kd5 33. Rc7 Nb2 34. Bg3 Nd3 35. h4 b4 36. h5 a4 37. h6 b3 38. axb3 axb3 39. Rb7 Nb4 40. Rd7+ Ke4 41. Rd2 c4 42. Be1 c3 43. Re2+ Kd3 44. Kf2 Nd5 45. Bxc3 Nxc3 46. Rb2 Nd1+ 0-1


[Site "https://www.chess.com"]

[Event "Titled Tuesday Blitz July 20 2021"]
[White "Primbetov, Kazbek"]
[Black "Oliveira, Silvio Eduardo"]
[WhiteFideId "13702297"]
[BlackFideId "2111560"]
[WhiteElo "2184"]
[BlackElo "2302"]
[Result "0-1"]
[Round "11"]
[TimeControl "180+1"]
[Date "2021.07.21"]
[WhiteClock "0:00:03"]
[BlackClock "0:01:24"]

1. f4 d5 2. Nf3 g6 3. g3 Bg7 4. Bg2 c6 5. O-O Qb6+ 6. d4 h5 7. c3 Nh6 8. Nbd2 Nf5 9. Nb3 h4 10. g4 h3 11. Bh1 Nh6 12. g5 Nf5 13. Ne5 Nd7 14. e4 dxe4 15. Nxd7 Bxd7 16. Bxe4 O-O-O 17. a4 Be6 18. Nc5 Bd5 19. a5 Qc7 20. Bxd5 Rxd5 21. Ra3 Nxd4 22. Ne4 Nf5 23. Qf3 Qd7 24. Be3 Rd3 25. Re1 Nxe3 26. Rxe3 Rd5 27. Ra1 Rd8 28. Kf2 Rf5 29. Kg3 e5 30. Nc5 exf4+ 0-1


[Site "https://www.chess.com"]

[Event "Titled Tuesday Blitz July 20 2021"]
[White "Prraneeth Vuppala"]
[Black "Borsuk, Konstantin"]
[WhiteFideId "46622373"]
[BlackFideId "14113406"]
[WhiteElo "1759"]
[BlackElo "2363"]
[Result "1-0"]
[Round "11"]
[TimeControl "180+1"]
[Date "2021.07.20"]
[WhiteClock "0:00:14"]
[BlackClock "0:00:05"]

1. d4 Nf6 2. c4 e6 3. Nf3 b6 4. g3 Bb7 5. Bg2 g6 6. Nc3 Ne4 7. Bd2 Bg7 8. Qc2 Nxd2 9. Qxd2 d6 10. O-O Nd7 11. e4 O-O 12. d5 a5 13. Nd4 Nc5 14. f4 e5 15. fxe5 Bxe5 16. Rae1 Qe7 17. Nc6 Bxc6 18. dxc6 Bxc3 19. Qxc3 Rae8 20. e5 dxe5 21. Bd5 Kg7 22. Rf2 f6 23. g4 Ne6 24. h4 Qc5 25. Rxe5 Qxf2+ 26. Kxf2 fxe5+ 27. Kg3 Nd4 28. Qe3 Rf4 29. h5 gxh5 30. c5 hxg4 31. Qa3 Ne2+ 32. Kg2 Ref8 33. cxb6 Rf2+ 34. Kh1 Rf1+ 35. Kh2 R8f2+ 36. Bg2 Nf4 37. Qe7+ Kg6 38. Qe8+ Kg5 39. Qxe5+ Kh4 40. Qf6+ Kh5 41. Qf7+ Kh6 42. Qf8+ Kh5 43. Qe8+ Kh6 44. Qf8+ Kh5 45. Qf5+ Kh6 46. Qxg4 Rxg2+ 47. Qxg2 Nxg2 48. b7 Rf8 49. Kxg2 Kg6 50. a4 Kf6 51. b4 axb4 52. a5 b3 53. a6 b2 54. a7 b1=Q 55. a8=Q Qe4+ 56. Kh2 Qd4 57. Qxf8+ 1-0


[Site "https://www.chess.com"]

[Event "Titled Tuesday Blitz July 20 2021"]
[White "Przybylski, Wojciech"]
[Black "Damjanovic, Vladimir"]
[WhiteFideId "1117599"]
[BlackFideId "903795"]
[WhiteElo "2317"]
[BlackElo "2374"]
[Result "0-1"]
[Round "11"]
[TimeControl "180+1"]
[Date "2021.07.21"]
[WhiteClock "0:00:08"]
[BlackClock "0:00:09"]

1. e4 c5 2. Nf3 d6 3. d4 cxd4 4. Nxd4 Nf6 5. Nc3 Nc6 6. Bg5 e6 7. f4 h6 8. Bh4 Be7 9. Nxc6 bxc6 10. e5 Nd5 11. Bxe7 Qxe7 12. Nxd5 exd5 13. Qe2 O-O 14. O-O-O Rb8 15. exd6 Qxd6 16. Qd2 Bf5 17. Be2 Rb4 18. g4 Be4 19. Rhf1 Rfb8 20. b3 Ra4 21. Qc3 Rxa2 22. Bd3 Qa3+ 23. Kb1 Bxd3 24. Rxd3 a5 25. Re1 a4 26. Rde3 axb3 27. Re8+ Rxe8 28. Rxe8+ Kh7 29. cxb3 Rxh2 30. Re1 Qa2+ 31. Kc1 Qf2 32. f5 Qf4+ 33. Kb1 Qxg4 34. Rf1 Qg5 35. f6 Qg6+ 36. Ka1 gxf6 37. b4 Qc2 38. Qxc2+ Rxc2 39. Rxf6 Kg7 40. Rd6 Rc4 41. Ka2 h5 42. Rxc6 Rxc6 43. Kb3 Rb6 44. b5 Rb8 45. Kb4 h4 46. Kc5 h3 47. Kc6 h2 48. Kc7 Rxb5 49. Kd6 Rb1 50. Ke7 Re1+ 0-1


[Site "https://www.chess.com"]

[Event "Titled Tuesday Blitz July 20 2021"]
[White "Rangel, Daniel"]
[Black "Najdin, Danil"]
[WhiteFideId "2124475"]
[BlackFideId "4172426"]
[WhiteElo "2187"]
[BlackElo "2193"]
[Result "0-1"]
[Round "11"]
[TimeControl "180+1"]
[Date "2021.07.21"]
[WhiteClock "0:00:02"]
[BlackClock "0:00:11"]

1. c4 Nf6 2. g3 g6 3. Bg2 Bg7 4. e4 d6 5. Nc3 c5 6. Nge2 O-O 7. O-O Nc6 8. d3 Ne8 9. Be3 Nd4 10. Qd2 Nc7 11. f4 Bg4 12. h3 Bxe2 13. Nxe2 Nxe2+ 14. Qxe2 Ne6 15. f5 Nd4 16. Qf2 Be5 17. g4 f6 18. Rab1 g5 19. b4 Qc7 20. Rfe1 a5 21. b5 Kg7 22. a4 h5 23. h4 hxg4 24. hxg5 g3 25. Qd2 Rh8 26. Bf4 Rh5 27. Bxe5 dxe5 28. g6 Rah8 29. Re3 Rg5 30. Rc1 Nb3 31. Qe1 Nxc1 32. Qxc1 Qd6 33. Qc3 Qd4 34. Qxd4 exd4 35. Rf3 Rh2 36. Rf4 Kf8 37. Kf1 Kg7 38. Kg1 Kg8 39. Kf1 Kf8 40. Kg1 e5 41. Rf3 Kg7 42. Rf1 Rg4 43. Rf3 Kh6 44. Kf1 Rf4 45. Rxf4 exf4 46. e5 fxe5 47. Bxb7 f3 48. Bxf3 Rf2+ 49. Kg1 Rxf3 50. b6 Rxd3 51. b7 Rb3 52. f6 Kxg6 53. Kg2 Kxf6 54. b8=Q Rxb8 55. Kxg3 Kf5 56. Kh4 Rg8 57. Kh5 Rh8# 0-1


[Site "https://www.chess.com"]

[Event "Titled Tuesday Blitz July 20 2021"]
[White "Reprintsev, Alexander"]
[Black "Mikhnenko, Alexander"]
[WhiteFideId "14100541"]
[BlackFideId "34143014"]
[WhiteElo "2126"]
[BlackElo "2120"]
[Result "1-0"]
[Round "11"]
[TimeControl "180+1"]
[Date "2021.07.21"]
[WhiteClock "0:01:22"]
[BlackClock "0:00:02"]

1. e4 c5 2. b3 g6 3. Bb2 Nf6 4. e5 Nd5 5. Nc3 Nxc3 6. dxc3 Bg7 7. Qd5 O-O 8. O-O-O Nc6 9. Nf3 d6 10. exd6 exd6 11. Qxd6 Qa5 12. Bc4 Qxa2 13. Qxc5 Bg4 14. b4 Bh6+ 15. Nd2 Qa4 16. f3 Bf5 17. Bb3 Qa6 18. b5 Qa5 19. g4 Be6 20. g5 Bg7 21. Bxe6 fxe6 22. Nb3 Qa4 23. bxc6 Rac8 24. Qb4 Qxc6 25. Rhe1 Rxf3 26. Qe4 Bxc3 27. Qxe6+ Qxe6 28. Rxe6 Bxb2+ 29. Kxb2 Rf2 30. Nd4 Rxh2 31. Re7 Rg2 32. Rf1 Rf8 33. Rxf8+ Kxf8 34. Rxb7 Rxg5 35. Ne6+ Kg8 36. Nxg5 1-0


[Site "https://www.chess.com"]

[Event "Titled Tuesday Blitz July 20 2021"]
[White "Rodriguez Hernandez, Luis Daniel"]
[Black "Maltsevskaya, Aleksandra"]
[WhiteFideId "3506770"]
[BlackFideId "24174041"]
[WhiteElo "2133"]
[BlackElo "2225"]
[Result "1/2-1/2"]
[Round "11"]
[TimeControl "180+1"]
[Date "2021.07.20"]
[WhiteClock "0:00:06"]
[BlackClock "0:00:15"]

1. e4 c5 2. c3 g6 3. e5 Bg7 4. Nf3 d5 5. exd6 Qxd6 6. Na3 Nf6 7. Bb5+ Nc6 8. Nc4 Qc7 9. O-O O-O 10. Re1 Be6 11. Rxe6 fxe6 12. Qe2 Kh8 13. Ng5 Nd8 14. Ne5 Nd5 15. Nef3 a6 16. Ba4 b5 17. Bc2 c4 18. h4 Qf4 19. h5 Qg4 20. hxg6 Nf4 21. Qf1 Nxg6 22. d4 Nf7 23. Nh2 Qh5 24. g4 Qh4 25. Ngf3 Qf6 26. g5 Nxg5 27. Bxg5 Qf7 28. Qh3 Kg8 29. Re1 e5 30. dxe5 e6 31. Be3 Rad8 32. Bd4 h6 33. Qh5 Nf4 34. Qxf7+ Rxf7 35. Re4 Nd3 36. b3 cxb3 37. axb3 Nc1 38. Kg2 Na2 39. Re1 Rc8 40. Re3 b4 41. c4 a5 42. Be4 Rd7 43. Bg6 Bf8 44. Re4 Bc5 45. Rg4 Rg7 46. Bxc5 Rxc5 47. Kg3 Rc8 48. Be4 Rxg4+ 49. Kxg4 Kg7 50. Bc2 Nc3 51. Kf4 a4 52. bxa4 Rxc4+ 53. Ke3 Nd5+ 54. Kd2 Rc3 55. Nd4 Ra3 56. Nxe6+ Kf7 57. Nc5 Rc3 58. Ne4 Ra3 59. Nc5 Rc3 60. Nb3 Rh3 61. Nf1 h5 62. Ng3 h4 63. Ne4 Rh1 64. Ng5+ Ke7 65. Be4 Nc3 66. Bxh1 h3 67. Nxh3 Nxa4 68. f4 Nb6 69. Kd3 Nd7 70. Kc4 Ke6 71. Kxb4 Nxe5 72. fxe5 Kxe5 73. Nf2 Kf4 74. Nc1 Ke3 75. Ncd3 Ke2 76. Kc4 Ke3 77. Kd5 Ke2 78. Kd4 Kf1 79. Be4 Kg1 80. Ng4 Kf1 81. Nf4 Kg1 82. Kc3 Kf1 83. Kd3 Ke1 84. Ke3 Kf1 85. Nd3 Kg1 86. Kf4 Kf1 87. Kg3 Kg1 88. Bd5 Kf1 89. Bg2+ Ke2 90. Nge5 Ke3 91. Bf3 Kd4 92. Kf2 Kc3 93. Ke3 Kb3 94. Kd4 Ka4 95. Nc4 Kb5 96. Kc3 Ka6 97. Kb4 Ka7 98. Kb5 Kb8 99. Kb6 Kc8 100. Bc6 Kd8 101. Ne3 Ke7 102. Ng4 Ke6 103. Ndf2 Kf5 104. Kc5 Kf4 105. Kd4 Kf5 106. Ke3 Ke6 107. Ke4 Kd6 108. Ne5 Kc5 109. Nfd3+ Kd6 110. Kd4 Ke6 111. Be4 Kd6 112. Nc5 Ke7 113. Kd5 Kf6 114. Nf3 Ke7 115. Ke5 Kf7 116. Bd5+ Ke7 117. Ne4 Kd7 118. Nd4 Ke7 119. Nc5 Kd8 120. Kf6 Kc7 121. Na4 Kd6 122. Bc4 Kd7 1/2-1/2


[Site "https://www.chess.com"]

[Event "Titled Tuesday Blitz July 20 2021"]
[White "Rorrer, Grayson"]
[Black "Rozhkov, Viacheslav"]
[WhiteFideId "30944996"]
[BlackFideId "4181484"]
[WhiteElo "2122"]
[BlackElo "2324"]
[Result "1/2-1/2"]
[Round "11"]
[TimeControl "180+1"]
[Date "2021.07.21"]
[WhiteClock "0:00:02"]
[BlackClock "0:00:05"]

1. e4 c5 2. Nf3 d6 3. d4 cxd4 4. Nxd4 Nf6 5. Nc3 Nc6 6. Bg5 Bd7 7. Qd2 Rc8 8. f4 h6 9. Bxf6 gxf6 10. O-O-O Nxd4 11. Qxd4 Qa5 12. Bc4 Qc5 13. Bb3 Qxd4 14. Rxd4 Bg7 15. Rhd1 f5 16. e5 Be6 17. Bxe6 fxe6 18. Rb4 dxe5 19. fxe5 b6 20. Rbd4 Bxe5 21. Rd7 Bxc3 22. bxc3 Kf7 23. Kb2 a5 24. Rb7 Rc6 25. Rdd7 Re8 26. a4 e5 27. Rdc7 Rxc7 28. Rxc7 Kf6 29. Rc6+ e6 30. Rxb6 e4 31. c4 Ke5 32. Kc3 Kf4 33. Kd2 Rc8 34. Rxe6 Rxc4 35. Rxh6 Rxa4 36. Rh4+ Ke5 37. Rh3 Ra1 38. Rb3 Rg1 39. g3 Rg2+ 40. Ke3 Rxc2 41. Rb5+ Kf6 42. Rxa5 Rc3+ 43. Ke2 Kg5 44. Kf2 Kg4 45. h3+ Kg5 46. g4 Rf3+ 47. Ke2 Rxh3 48. gxf5 Rf3 49. Re5 Rxf5 50. Rxe4 Rf4 51. Rxf4 Kxf4 1/2-1/2


[Site "https://www.chess.com"]

[Event "Titled Tuesday Blitz July 20 2021"]
[White "Rottenwohrer Suarez, Juan"]
[Black "LuckSlayeer"]
[WhiteFideId "32068182"]
[WhiteElo "2158"]
[BlackElo "2539"]
[Result "1-0"]
[Round "11"]
[TimeControl "180+1"]
[Date "2021.07.21"]
[WhiteClock "0:01:03"]
[BlackClock "0:00:01"]

1. d4 Nf6 2. c4 e6 3. Nc3 Bb4 4. Qc2 O-O 5. Nf3 c5 6. dxc5 Na6 7. g3 Bxc5 8. Bg2 Nb4 9. Qb3 d5 10. O-O Nc6 11. cxd5 exd5 12. Rd1 Be6 13. Qxb7 Na5 14. Qb5 Rc8 15. Bg5 Nc4 16. e4 d4 17. e5 Qb6 18. Qxb6 Bxb6 19. exf6 Nxb2 20. Ne4 Nxd1 21. Rxd1 Bxa2 22. fxg7 Kxg7 23. Nxd4 f5 24. Nd6 Rc5 25. Be7 Rb8 26. N6xf5+ Kf7 27. Bxc5 Bxc5 28. Nc6 Rb2 29. Ne3 a6 30. Ra1 Bb3 31. Bf1 1-0


[Site "https://www.chess.com"]

[Event "Titled Tuesday Blitz July 20 2021"]
[White "Samsonkin, Artiom"]
[Black "Zierk, Steven"]
[WhiteFideId "13503111"]
[BlackFideId "2034255"]
[WhiteElo "2513"]
[BlackElo "2494"]
[Result "1-0"]
[Round "11"]
[TimeControl "180+1"]
[Date "2021.07.20"]
[WhiteClock "0:01:45"]
[BlackClock "0:02:25"]

1. e4 e6 2. d4 d5 3. Nc3 Bb4 4. Ne2 dxe4 5. a3 Bxc3+ 6. Nxc3 Nc6 7. d5 exd5 8. Qxd5 Be6 9. Qxe4 Nf6 10. Qh4 Qe7 11. Be3 O-O-O 12. Be2 Nd5 13. Qxe7 Ncxe7 14. Nxd5 Nxd5 15. Bd2 Bf5 16. O-O-O Rhe8 17. Rhe1 Nf6 18. f3 Nd5 19. Bc4 Be6 20. Bg5 Rd6 21. Bxd5 h6 22. Bxe6+ Rexe6 23. Rxe6 Rxe6 24. Rd8# 1-0


[Site "https://www.chess.com"]

[Event "Titled Tuesday Blitz July 20 2021"]
[White "Seletsky, Grigory"]
[Black "Novikov, Evgenij"]
[WhiteFideId "14112191"]
[BlackFideId "4125380"]
[WhiteElo "2492"]
[BlackElo "2242"]
[Result "1-0"]
[Round "11"]
[TimeControl "180+1"]
[Date "2021.07.21"]
[WhiteClock "0:01:07"]
[BlackClock "0:00:42"]

1. d4 d5 2. c4 e6 3. Nc3 Nf6 4. Bg5 Be7 5. cxd5 Nxd5 6. Bxe7 Qxe7 7. Nxd5 exd5 8. e3 c6 9. Bd3 Nd7 10. Nf3 Qb4+ 11. Qd2 Qxd2+ 12. Kxd2 O-O 13. b4 a6 14. a4 b6 15. a5 c5 16. bxc5 bxc5 17. Rab1 c4 18. Bc2 Nf6 19. Ne5 Re8 20. Rb6 g6 21. Rxf6 Be6 22. Rb1 Kg7 23. Rf4 Rab8 24. Rxb8 Rxb8 25. Nc6 Rc8 26. Nb4 g5 27. Rf3 h5 28. h3 c3+ 29. Kc1 g4 30. hxg4 hxg4 31. Rf4 Rh8 32. Bf5 1-0


[Site "https://www.chess.com"]

[Event "Titled Tuesday Blitz July 20 2021"]
[White "Shahade, Gregory"]
[Black "Gurevich, Dmitry"]
[WhiteFideId "2009064"]
[BlackFideId "2000407"]
[WhiteElo "2686"]
[BlackElo "2506"]
[Result "0-1"]
[Round "11"]
[TimeControl "180+1"]
[Date "2021.07.20"]
[WhiteClock "0:00:08"]
[BlackClock "0:00:21"]

1. e4 c5 2. Nf3 d6 3. d4 cxd4 4. Nxd4 Nf6 5. Nc3 Nc6 6. f3 Nxd4 7. Qxd4 g6 8. Bg5 Bg7 9. O-O-O h6 10. Bh4 O-O 11. Qb4 Qb6 12. Qxb6 axb6 13. Bxf6 Bxf6 14. Nd5 Rxa2 15. Nxf6+ exf6 16. Kb1 Be6 17. Rxd6 Rfa8 18. c4 Bxc4 19. Bxc4 Ra1+ 20. Kc2 Rxh1 21. Rxf6 Rc8 22. Kb3 Rxh2 23. Rxg6+ Kf8 24. Rxb6 Rc7 25. g4 Rf2 26. Rf6 Kg7 27. Rf5 Rd2 28. Bd5 Rd3+ 29. Ka2 b5 30. Kb1 b4 31. b3 Rd2 32. Bc4 Rf2 33. Kc1 f6 34. Kd1 Ra7 35. Ke1 Rb2 36. Rd5 Ra1+ 37. Rd1 Rxd1+ 38. Kxd1 Kg6 39. f4 Rf2 40. f5+ Kg5 41. Be2 Kf4 42. Ke1 Rh2 43. Bd3 Ke3 44. Bf1 Ra2 0-1


[Site "https://www.chess.com"]